Map: Frostline LE

Players

moo

  • Race: Protoss Protoss
  • League: Diamond
  • Spawn Location: 7:00

llllIllllllI - Winner!

  • Race: Terran Terran
  • League: Diamond
  • Spawn Location: 1:00

VOD

Have the link to the VOD?

Description

Time

  • Played on: Feb. 11, 2025, 3:14 p.m.
  • Length: 22:11
Show
View Real Time Build Order
Export as new Build Order

moo Protoss 

Build Orders: Cannon Rush 

Get SALT Encoding   

  12  0:00  Probe  
  13  0:12  Probe  
  14  0:19  Pylon  
  14  0:24  Probe  
  15  0:38  Gateway  
  15  0:41  Probe  
  16  0:49  Pylon  
  16  0:50  Probe  
  17  1:11  Forge  
  17  1:13  Probe  
  18  1:21  Probe  
  19  1:28  Cybernetics Core  
  19  1:48  Photon Cannon  
  19  1:49  Photon Cannon  
  19  1:52  Photon Cannon  
  19  2:00  Pylon  
  19  2:07  Photon Cannon  
  19  2:11  Photon Cannon  
  19  2:27  Probe  
  19  2:29  Assimilator  
  20  2:40  Nexus  
  20  2:43  Photon Cannon  
  19  2:49  Photon Cannon  
  19  2:56  Pylon  
  20  3:05  Probe  
  20  3:08  Pylon  
  20  3:14  Assimilator  
  20  3:17  Probe  
  20  3:20  Gateway  
  20  3:22  Pylon  
  20  3:23  Warp Gate  
  20  3:25  Pylon  
  20  3:29  Photon Cannon  
  20  3:34  Probe  
  21  3:42  Probe  
  22  3:51  Probe  
  22  3:54  Probe  
  24  4:00  Stalker  
  24  4:02  Probe  
  24  4:03  Probe  
  28  4:12  Stalker  
  28  4:15  Probe x2  
  32  4:27  Probe x2  
  32  4:29  Stalker  
  36  4:41  Twilight Council  
  36  4:45  Probe, Pylon  
  37  4:48  Probe  
  38  4:59  Protoss Shields Level 1  
  38  5:00  Robotics Facility  
  38  5:02  Probe x2  
  40  5:10  Probe x2  
  41  5:19  Photon Cannon  
  41  5:20  Probe x2  
  44  5:30  Charge  
  44  5:32  Probe  
  44  5:34  Photon Cannon  
  44  5:35  Probe  
  46  5:36  Pylon  
  46  5:40  Zealot  
  48  5:44  Probe  
  48  5:49  Observer, Zealot  
  52  5:57  Assimilator  
  52  5:58  Assimilator  
  52  6:01  Photon Cannon  
  52  6:03  Zealot, Shield Battery  
  54  6:05  Probe  
  54  6:07  Observer  
  56  6:15  Stalker  
  56  6:16  Probe  
  56  6:17  Probe  
  59  6:26  Zealot  
  59  6:28  Probe  
  62  6:33  Probe  
  62  6:39  Observer  
  64  6:40  Probe, Zealot  
  64  6:43  Nexus  
  64  6:46  Pylon  
  67  7:03  Observer  
  68  7:14  Probe x2  
  69  7:20  Zealot x2  
  73  7:26  Probe x2  
  73  7:27  Photon Cannon  
  73  7:29  Photon Cannon, Shield Battery  
  75  7:30  Photon Cannon, Pylon  
  71  7:38  Probe  
  70  7:46  Zealot  
  70  7:56  Stalker  
  64  8:05  Pylon  
  64  8:08  Photon Cannon  
  64  8:12  Zealot  
  66  8:14  Probe x2  
  68  8:20  Protoss Ground Weapons Level 1  
  68  8:22  Dark Shrine  
  68  8:25  Robotics Bay  
  68  8:26  Probe x2  
  70  8:36  Immortal, Pylon  
  70  8:38  Probe  
  74  8:42  Probe x2  
  74  8:46  Probe  
  77  8:49  Stargate  
  77  8:54  Probe x2  
  80  8:56  Probe  
  80  9:02  Stalker x2  
  85  9:06  Probe x2  
  85  9:08  Probe  
  88  9:21  Probe  
  88  9:22  Probe  
  90  9:28  Photon Cannon  
  76  9:32  Photon Cannon  
  72  9:46  Void Ray  
  72  9:56  Stalker  
  72  9:57  Stalker  
  74  10:04  Photon Cannon  
  74  10:06  Stargate  
  74  10:09  Stargate  
  74  10:12  Photon Cannon x2  
  76  10:14  Probe x3, Photon Cannon  
  76  10:16  Assimilator, Pylon  
  76  10:18  Photon Cannon  
  76  10:20  Photon Cannon, Assimilator  
  77  10:26  Probe  
  61  10:45  Stalker  
  61  10:46  Stargate, Stalker  
  61  10:48  Stargate  
  57  10:53  Void Ray  
  51  11:01  Probe x2  
  51  11:02  Probe  
  43  11:26  Void Ray  
  43  11:28  Probe x2, Void Ray  
  55  11:47  Void Ray  
  55  11:51  Shield Battery  
  55  11:58  Shield Battery  
  55  11:59  Shield Battery  
  55  12:00  Pylon  
  55  12:07  Void Ray  
  62  12:30  Void Ray  
  62  12:34  Probe  
  62  12:35  Probe  
  64  12:47  Probe  
  64  12:48  Void Ray  
  69  13:04  Probe x2  
  70  13:16  Probe  
  72  13:39  Void Ray  
  72  13:41  Observer  
  72  13:42  Probe  
  72  13:43  Probe  
  77  13:50  Probe  
  77  13:51  Void Ray  
  78  14:25  Probe  
  78  14:29  Probe  
  75  14:36  Probe  
  76  14:39  Probe  
  76  14:40  Void Ray  
  76  14:44  Probe, Fleet Beacon  
  78  14:54  Forge  
  78  14:57  Pylon  
  78  15:07  Probe  
  78  15:12  Probe  
  78  15:19  Probe, Pylon  
  84  15:21  Pylon  
  84  15:24  Probe  
  81  15:44  Tempest  
  73  15:55  Tempest  
  81  15:57  Probe x2  
  79  16:09  Probe  
  79  16:14  Photon Cannon  
  79  16:16  Tempest  
  79  16:27  Probe  
  84  16:35  Probe  
  84  16:37  Tempest  
  89  16:47  Probe  
  89  16:48  Probe  
  89  16:52  Pylon, Tempest  
  91  16:56  Photon Cannon  
  91  16:59  Probe  
  96  17:12  Nexus, Pylon  
  96  17:14  Pylon x2  
  104  17:16  Pylon  
  104  17:21  Mothership, Tempest  
  99  17:33  Gateway  
  99  17:36  Tempest  
  107  17:58  Pylon x2  
  106  18:07  Tempest  
  110  18:21  Tempest  
  110  18:25  Probe  
  115  18:37  Probe  
  115  18:40  Tempest  
  115  18:44  Photon Cannon  
  119  19:04  Tempest  
  122  19:23  Tempest  
  111  19:47  Tempest  
  111  19:49  Probe x2  
  117  20:01  Probe  
  117  20:06  Tempest  
  84  20:30  Tempest  
  84  20:45  Tempest  
  64  21:05  Zealot  
  66  21:13  Gateway  
  70  21:21  Tempest  
  67  21:27  Pylon  
Show
View Real Time Build Order
Export as new Build Order

llllIllllllI Terran - Winner!

Build Orders:  

Get SALT Encoding   

  12  0:01  SCV  
  13  0:13  SCV  
  14  0:25  SCV, Supply Depot  
  15  0:46  SCV  
  16  0:51  Barracks  
  16  0:59  SCV  
  17  1:08  Supply Depot  
  17  1:11  SCV  
  18  1:13  Refinery  
  18  1:23  SCV  
  19  1:35  SCV  
  19  1:39  Bunker, Marine  
  21  1:46  Refinery  
  21  1:57  Marine  
  22  2:15  Marine  
  23  2:24  SCV  
  24  2:33  Marine  
  24  2:37  SCV  
  26  2:49  SCV  
  27  3:01  SCV  
  28  3:11  Command Center  
  28  3:15  Factory  
  28  3:25  Orbital Command  
  28  3:30  Bunker  
  28  3:54  SCV  
  29  3:59  Factory Tech Lab  
  29  4:08  SCV  
  30  4:10  Supply Depot  
  30  4:20  SCV  
  31  4:25  SCV  
  31  4:28  Refinery  
  31  4:29  Widow Mine  
  34  4:32  SCV  
  34  4:33  Supply Depot  
  34  4:37  Barracks Reactor  
  35  4:39  Factory  
  35  4:41  Mag-Field Accelerator  
  35  4:43  SCV  
  35  4:44  SCV  
  37  4:49  Starport  
  37  4:55  SCV  
  37  4:56  SCV  
  37  4:57  Refinery  
  39  5:06  Cyclone  
  42  5:08  SCV x2  
  44  5:20  SCV x2  
  46  5:22  Supply Depot  
  46  5:32  SCV  
  46  5:33  SCV  
  48  5:39  Cyclone  
  51  5:44  SCV  
  51  5:45  SCV  
  51  5:48  Factory Tech Lab  
  53  5:51  Starport Tech Lab, Supply Depot  
  53  5:56  Medivac  
  55  6:06  Engineering Bay  
  55  6:08  SCV  
  55  6:10  SCV  
  57  6:13  Widow Mine x2  
  61  6:20  SCV  
  61  6:22  SCV  
  63  6:34  Widow Mine x2  
  67  6:41  Supply Depot  
  67  6:42  Starport Tech Lab, Supply Depot  
  67  6:43  Command Center  
  67  6:44  SCV  
  67  6:45  SCV, Fusion Core  
  69  6:57  SCV  
  70  7:02  Raven  
  70  7:06  Planetary Fortress  
  72  7:09  SCV  
  67  8:00  Battlecruiser  
  67  8:04  Starport  
  67  8:05  Starport  
  73  8:07  Starport  
  73  8:12  SCV  
  70  8:23  Widow Mine  
  70  8:24  Widow Mine  
  74  8:29  Planetary Fortress  
  74  8:31  Missile Turret  
  74  8:36  Supply Depot  
  74  8:38  Supply Depot  
  74  8:40  Marine x2  
  76  8:45  Widow Mine, Bunker  
  76  8:47  Starport Tech Lab x2  
  76  8:48  Starport Tech Lab  
  78  8:55  Neosteel Armor  
  78  9:01  Widow Mine  
  80  9:06  Battlecruiser x3, Widow Mine  
  100  9:19  Battlecruiser  
  92  10:03  Supply Depot  
  92  10:06  Supply Depot x2  
  92  10:20  Battlecruiser  
  98  10:56  Battlecruiser  
  110  11:04  Battlecruiser  
  110  11:05  SCV x2  
  112  11:17  SCV x2  
  114  11:21  Widow Mine  
  114  11:22  Widow Mine  
  118  11:43  Widow Mine x2  
  118  11:45  Factory  
  118  11:46  Factory, Armory  
  122  11:53  Command Center  
  122  12:02  Weapon Refit  
  122  12:29  Widow Mine x2  
  126  12:33  Drilling Claws  
  126  12:48  Ghost Academy x2  
  126  12:50  Missile Turret  
  126  12:51  SCV, Widow Mine x2  
  131  13:03  SCV  
  132  13:11  Missile Turret  
  132  13:12  Widow Mine x2  
  136  13:15  SCV  
  137  13:27  SCV  
  137  13:30  Missile Turret  
  137  13:33  Widow Mine  
  137  13:34  Widow Mine  
  142  13:35  Refinery  
  142  13:36  Refinery  
  142  13:39  SCV  
  143  13:46  Planetary Fortress  
  143  13:51  Missile Turret  
  143  13:55  Widow Mine x2  
  147  13:59  Refinery x2  
  147  14:04  Missile Turret  
  147  14:16  Widow Mine x2  
  149  14:49  Nuke, Personal Cloaking  
  149  14:52  Barracks  
  149  14:54  Battlecruiser, Barracks  
  149  14:55  Battlecruiser  
  149  14:59  Missile Turret  
  161  15:18  Missile Turret  
  161  15:19  Missile Turret  
  161  15:20  Missile Turret x2  
  160  15:46  Cyclone  
  160  15:48  Factory Tech Lab  
  162  16:08  Missile Turret  
  162  16:11  Missile Turret  
  162  16:14  Command Center  
  162  16:24  Cyclone x2  
  168  16:28  Missile Turret  
  168  16:30  Supply Depot  
  168  16:31  Barracks Tech Lab  
  168  16:32  Nuke, Barracks Tech Lab, Supply Depot  
  168  16:34  Supply Depot  
  168  16:52  Battlecruiser  
  174  16:56  Cyclone x2  
  174  16:57  Barracks Tech Lab  
  173  17:28  Cyclone  
  182  17:31  Missile Turret  
  182  17:44  Command Center  
  182  17:51  Ghost Academy  
  182  17:54  Unknown x2  
  188  18:22  Unknown x2  
  188  18:25  Nuke  
  194  18:51  Unknown x2  
  182  19:19  Unknown  
  166  19:37  Viking x4  
  162  19:48  Command Center  
  162  19:50  Command Center  
  162  19:59  Nuke  
  162  20:00  Nuke  
  170  20:07  Viking x4  
  156  20:09  Cyclone  
  149  20:37  Viking x4  
  135  21:07  Viking x4, Nuke  
  135  21:10  Factory Tech Lab  
  143  21:15  Armory  
  143  21:19  Refinery, Orbital Command  
  143  21:20  Orbital Command  
  143  21:21  Orbital Command x2  
  143  21:26  Refinery  
  141  21:37  Viking  
Tags
 
Add a new tag
Caveats
  • Supply blocks, unpowered buildings, or Contaminate may cause inaccurate times.
  • Supply counts are checked every 10 seconds.